 Dungeon Crawl Stone Soup version 0.32-a0-995-gb4a59205af (webtiles) character file.

Game seed: 17905618839649439724

170 Heh the Slasher (level 5, -6/41 HPs)
             Began as a Coglin Brigand on Apr 22, 2024.
             Splashed by a jelly's acid (9 damage)
             ... on level 4 of the Dungeon.
             The game lasted 00:05:17 (2088 turns).

Heh the Slasher (Coglin Brigand)                    Turns: 2088, Time: 00:05:18

Health: -6/41      AC: -5    Str: 11    XL:     5   Next: 51%
Magic:  5/5        EV:  7    Int: 10    God:
Gold:   123        SH:  0    Dex: 18    Spells: 4/4 levels left

rFire   . . .        a - +2 dagger {Nebetia}
rCold   . . .        f - +0 dagger {Lan}
rNeg    . . .        k - +0 scale mail
rPois   .            (no helmet)
rElec   .            c - +0 cloak
rCorr   .            (no gloves)
SInv    .            (no boots)
Will    .....        (amulet unavailable)
Stlth   +            (ring unavailable)
HPRegen 0.26/turn    (ring unavailable)
MPRegen 0.09/turn    (no gizmo)

%: no passive effects
@: corroded, revving
A: off-hand wielding, slow wielding, warmup strikes, no jewellery
a: Invent Gizmo


You were on level 4 of the Dungeon.
You visited 1 branch of the dungeon, and saw 4 of its levels.

You collected 123 gold pieces.

Inventory:

Hand Weapons
 a - a +2 dagger (weapon) {Nebetia}
 f - a +0 dagger (offhand) {Lan}
Missiles
 d - 9 poisoned darts (quivered)
 e - 3 curare-tipped darts
 p - a throwing net
Armour
 b - a +0 robe
 c - a +0 cloak (worn)
 k - a +0 scale mail (worn)
 q - a +0 scale mail
Wands
 m - a wand of mindburst (15)
Scrolls
 g - a scroll of immolation {unknown}
 h - 2 scrolls of identify {unknown}
 j - 2 scrolls of teleportation {unknown}
 n - a scroll of silence {unknown}
 r - a scroll of brand weapon {unknown}
Potions
 i - 3 potions of degeneration {unknown}
 l - 2 potions of curing {unknown}
 o - 2 potions of enlightenment {unknown}


   Skills:
 + Level 3.6 Fighting
 - Level 1.7(2.9) Short Blades
 * Level 4.0(4.2) Long Blades
 - Level 1.7 Throwing
 - Level 0.8 Dodging
 - Level 3.2 Stealth


You had 4 spell levels left.
You didn't know any spells.
Your spell library contained the following spells:

 Spells                   Type           Power      Damage    Failure   Level
 Summon Ice Beast         Ice/Summ       0%         N/A       100%        3
 Summon Mana Viper        Hex/Summ       0%         N/A       100%        5
 Monstrous Menagerie      Summ           0%         N/A       100%        7


Dungeon Overview and Level Annotations

Branches:
Dungeon (4/15)
 Temple: D:4-7

Altars:
Elyvilon


Innate Abilities, Weirdness & Mutations

You can wield a second weapon in your off-hand.
It takes a long time for you to wield or remove held weapons.
Your first few attacks do less damage.
You cannot equip rings or amulets.


Message History

No target in view!
No target in view!
No target in view!
No target in view!
There is a stone staircase leading up here.
You now have 123 gold pieces (gained 15).
A jelly comes into view.
The jelly quivers.
The jelly moves out of view.
A jelly is nearby!
You hit the jelly with your +2 dagger.
Your graspers burn!
The jelly is lightly wounded.
You hit the jelly with your +0 dagger.
Your graspers burn!
The jelly hits you but does no damage.
You hit the jelly with your +0 dagger.
Your graspers burn!
The jelly is heavily wounded.
You hit the jelly with your +2 dagger.
Your graspers burn!
The jelly hits you. The acid corrodes you!
You are splashed with acid!
You are too injured to fight recklessly!
You are too injured to fight recklessly!
You are too injured to fight recklessly!
You are too injured to fight recklessly!
You are too injured to fight recklessly!
You are too injured to fight recklessly!
You are too injured to fight recklessly!
You are too injured to fight recklessly!
You are too injured to fight recklessly!
You are too injured to fight recklessly!
A jelly is nearby!
A jelly is nearby!
You hit the jelly but do no damage. The acid corrodes you!
Your graspers burn!
* * * LOW HITPOINT WARNING * * *
The jelly is severely wounded.
You hit the jelly with your +2 dagger. The acid corrodes you!
Your graspers burn!
* * * LOW HITPOINT WARNING * * *
The jelly hits you.
* * * LOW HITPOINT WARNING * * *
You are splashed with acid!
You die...

#....<.#
#......#
##..<..# ##....#
#..[.# ##....#
##..#### #...###
#.#..@#
#.....J......
#.............
#....$........
#.............
...............
####............
#.........###


You could see a jelly.

Vanquished Creatures
  Jessica (D:2)
  Ijyb (D:3)
  Natasha (D:4)
  4 adders (D:2)
  A dart slug (D:1)
  An orc (D:3)
  9 ball pythons
  5 endoplasms
  2 giant cockroaches (D:1)
  7 goblins
  2 hobgoblins (D:1)
  5 kobolds
  3 quokkas
  6 bats
  A frilled lizard (D:1)
  9 rats
58 creatures vanquished.

Notes
Turn   | Place    | Note
-------+----------+-------------------------------------------
     0 | D:1      | Heh the Coglin Brigand began the quest for the Orb.
     0 | D:1      | Reached XP level 1. HP: 16/16 MP: 1/1
   126 | D:1      | Reached skill level 1 in Long Blades
   126 | D:1      | Reached XP level 2. HP: 21/22 MP: 2/2
   532 | D:1      | Reached skill level 2 in Long Blades
   532 | D:1      | Reached XP level 3. HP: 21/28 MP: 3/3
   958 | D:2      | Reached XP level 4. HP: 33/34 MP: 4/4
  1101 | D:2      | Noticed Jessica
  1105 | D:2      | Reached skill level 3 in Long Blades
  1132 | D:2      | Killed Jessica
  1632 | D:3      | Noticed Ijyb
  1641 | D:3      | Killed Ijyb
  1642 | D:3      | Reached XP level 5. HP: 19/41 MP: 5/5
  1815 | D:3      | Found a white marble altar of Elyvilon.
  2069 | D:4      | Noticed Natasha
  2071 | D:4      | Killed Natasha
  2072 | D:4      | Reached skill level 4 in Long Blades
  2088 | D:4      | Splashed by a jelly's acid

Illustrated notes

Levels and vault maps discovered:
D:1:      minmay_arrival_glassed_features, layout_basic, reono_crystal_passage
D:2:      layout_loops_ring, uniq_jessica
D:3:      layout_basic, elyvilon_altar_5, uniq_ijyb
D:4:      layout_rooms, chequers_temple_overflow_minitemple,
          minmay_temple_entry_overgrown, serial_shops,
          nicolae_shop_overgrown_old_shop, uniq_natasha, uniq_eustachio,
          uniq_edmund

Skill      XL: |  1  2  3  4  5 |
---------------+----------------+-----
Long Blades    | 1 2 3 4 |  4.0
Fighting       | 3 |  3.6
Short Blades   | |  1.7
Throwing       | |  1.7
Dodging        | |  0.8
Stealth        | |  3.2

Action                     |  1- 3 |  4- 6 || total
---------------------------+-------+-------++-------
  Melee: Dagger            |   115 |   128 ||   243
  Throw: Throwing net      |       |     1 ||     1
   Stab: Sleeping          |     5 |     2 ||     7
         Held in net/web   |       |     2 ||     2
 Armour: Robe              |     4 |       ||     4
         Scale mail        |    35 |    46 ||    81
  Dodge: Dodged            |    22 |    27 ||    49

Table legend: (Time is in decaauts)
 A = Elapsed time spent in this place.
 B = Non-inter-level travel time spent in this place.
 C = Inter-level travel time spent in this place.
 D = Time resting spent in this place.
 E = Time spent auto-exploring this place.
 F = Levels seen in this place.
 G = Mean time per level.
                   A        B        C        D        E       F      G
               +--------+--------+--------+--------+--------+-----+--------+
         Total |   2072 |   1971 |    101 |      0 |   1650 |   4 |  518.0 |
       Dungeon |   2072 |   1971 |    101 |      0 |   1650 |   4 |  518.0 |
               +--------+--------+--------+--------+--------+-----+--------+

Top non-repeatable levels by time:
     D:1: 831 daAuts
     D:2: 641 daAuts
     D:3: 580 daAuts
     D:4: 18 daAuts
